 Dungeon Crawl Stone Soup version 0.19-a0-1831-gd4c818f (webtiles) character file.

640 Proteus the Covert (level 7, 0/33 HPs)
             Began as a Spriggan Assassin on Oct 8, 2016.
             Killed by nerve-wracking pain
             ... invoked by an orc priest
              (8 damage)
             ... on level 4 of the Dungeon.
             The game lasted 00:20:29 (5053 turns).

Proteus the Covert (Spriggan Assassin)              Turns: 5053, Time: 00:20:29

Health: 0/33       AC:  5    Str:  8    XL:     7   Next: 26%
Magic:  8/8        EV: 17    Int: 10    God:
Gold:   215        SH:  0    Dex: 21    Spells: 0 memorised, 6 levels left

rFire  . . .     SeeInvis +     a - +2 dagger
rCold  . . .     Gourm    .     c - +0 robe
rNeg   . . .     Faith    .     (shield restricted)
rPois  .         Spirit   .     (helmet restricted)
rElec  .         Dismiss  .     f - +2 cloak
rCorr  .         Reflect  .     (gloves unavailable)
MR     +....     Harm     .     (boots unavailable)
Stlth  ++++++.... Clarity  +    (no amulet)
                                (no ring)
                                (no ring)

@: very quick
A: unfitting armour, thin skeletal structure 1, see invisible, clarity, dopey 1,
herbivore 3, speed 3, mutation resistance 1, slow metabolism 2, no device heal
1, sturdy frame 1
a: no special abilities


You were on level 4 of the Dungeon.
You were not hungry.

You visited 1 branch of the dungeon, and saw 4 of its levels.

You collected 215 gold pieces.

Inventory:

Hand Weapons
 a - a +2 dagger (weapon)
 b - a +1 blowgun
 n - a +2 dagger of venom
Missiles
 e - 26 poisoned needles
Armour
 c - a +0 robe (worn)
 f - a +2 cloak (worn)
Scrolls
 d - a scroll of remove curse
 h - 3 scrolls of recharging
Potions
 i - a potion of agility
 l - a potion of lignification
 o - a potion of brilliance
Comestibles
 g - 4 bread rations
 j - a slice of pizza


   Skills:
 - Level 1.5 Fighting
 - Level 2.1 Short Blades
 - Level 2.0 Throwing
 - Level 1.5 Dodging
 + Level 13.1 Stealth


You had 6 spell levels left.
You didn't know any spells.

Dungeon Overview and Level Annotations

Branches:
Dungeon (4/15)
 Temple: D:4-7

Altars:
Ashenzari
Makhleb
The Shining One


Innate Abilities, Weirdness & Mutations

You are very small and have problems with some larger weapons.
You are too small for most types of armour.
You have supernaturally acute eyesight. (SInv)
You are a herbivore.
You cover ground extremely quickly.
You need consume almost no food.
You have a somewhat thin skeletal structure. (Dex +2, Stealth)
You possess an exceptional clarity of mind.
You are dopey. (Int -2)
You are somewhat resistant to further mutation.
Potions and wands are less effective at restoring your health.
Your movements are slightly less encumbered by armour. (ER -2)


Message History

The orc priest is lightly wounded.
The orc barely misses you. The orc misses you. The orc closely misses you.
You hit the orc priest.
The orc priest is moderately wounded.
The orc priest barely misses you. The orc barely misses you.
You closely miss the orc priest.
The orc priest is moderately wounded.
The orc hits you but does no damage. The orc barely misses you.
The orc priest hits you with a morningstar!
You hit the orc priest.
The orc priest is heavily wounded.
The orc closely misses you. The orc hits you with a dagger.
* * * LOW HITPOINT WARNING * * *
The orc closely misses you. The orc priest barely misses you.
You hit the orc priest.
The orc priest is almost dead.
The orc completely misses you. x2; The orc closely misses you.
The orc priest calls down the wrath of Beogh upon you.
Pain shoots through your body!
You die...

#...... #.# #.##### ..# #.# #.. #
#.# ### #.# #.# #.#####.# #)####
#.# #.# .......# #.##.# #.###.#
#.)..#####.##.###.##...
####.....................#
........o@................
[###..#o.#.##..#.....##.##
#..#oo#.##..#..#####.#
...###..#..#.##......####.##
...+........................
...###..##.#...........g....
#.....###.####....#........
#.###......†......#.#.##)##
#######.###.#########............


You could see an orc priest and 3 orcs.

Vanquished Creatures
  Sigmund (D:2)
  A sky beast (D:4)
  A bullfrog skeleton (D:4)
  2 orc wizards
  Crazy Yiuf (D:2)
  Terence (D:2)
  Robin (D:4)
  4 gnolls (D:4)
  10 adders
  2 oozes (D:1)
  2 worms (D:2)
  2 dart slugs
  3 leopard geckos
  15 orcs
  4 giant cockroaches
  16 goblins
  6 hobgoblins
  4 jackals (D:4)
  A quokka (D:3)
  2 ball pythons (D:3)
  10 bats
  6 frilled lizards
  3 kobolds
  7 rats
105 creatures vanquished.

Notes
Turn   | Place    | Note
-------+----------+-------------------------------------------
     0 | D:1      | Proteus the Spriggan Assassin began the quest for the Orb.
     0 | D:1      | Reached XP level 1. HP: 10/10 MP: 2/2
    56 | D:1      | Reached skill level 6 in Stealth
   111 | D:1      | Reached XP level 2. HP: 14/14 MP: 3/3
   455 | D:1      | Reached skill level 7 in Stealth
   607 | D:1      | Reached XP level 3. HP: 15/18 MP: 4/4
  1184 | D:2      | Noticed Terence
  1186 | D:2      | Killed Terence
  1186 | D:2      | Reached skill level 8 in Stealth
  1186 | D:2      | Reached XP level 4. HP: 22/22 MP: 5/5
  1610 | D:2      | Found a runed door.
  1717 | D:2      | Noticed Sigmund
  1719 | D:2      | Killed Sigmund
  1719 | D:2      | Reached skill level 10 in Stealth
  1719 | D:2      | Reached XP level 5. HP: 25/25 MP: 6/6
  1984 | D:2      | Found a shattered altar of Ashenzari.
  2003 | D:2      | Gained mutation: Potions and wands are less effective at restoring your health. [potion of mutation]
  2003 | D:2      | Gained mutation: You have a somewhat thin skeletal structure. (Dex +2, Stealth) [potion of mutation]
  2003 | D:2      | Gained mutation: Your movements are slightly less encumbered by armour. (ER -2) [potion of mutation]
  2211 | D:2      | Reached skill level 11 in Stealth
  2211 | D:2      | Reached XP level 6. HP: 26/30 MP: 7/7
  2381 | D:2      | Found a glowing golden altar of the Shining One.
  2556 | D:2      | Noticed Crazy Yiuf
  2589 | D:2      | Killed Crazy Yiuf
  2715 | D:3      | Gained mutation: You possess an exceptional clarity of mind. [potion of mutation]
  2715 | D:3      | Gained mutation: You are somewhat resistant to further mutation. [potion of mutation]
  2716 | D:3      | Gained mutation: You are dopey. (Int -2) [potion of mutation]
  2750 | D:3      | Found a faded altar of an unknown god.
  3613 | D:4      | Noticed a sky beast
  3619 | D:4      | Killed a sky beast
  3619 | D:4      | Reached skill level 12 in Stealth
  3887 | D:4      | Reached XP level 7. HP: 33/33 MP: 8/8
  3951 | D:4      | Noticed Robin
  3983 | D:4      | Killed Robin
  4628 | D:4      | Reached skill level 13 in Stealth
  4929 | D:4      | Found a burning altar of Makhleb.
  4929 | D:4      | Noticed a balrug
  4932 | D:4      | Noticed a neqoxec
  4932 | D:4      | Noticed a hellwing
  5053 | D:4      | Killed from afar by an orc priest

Vault maps used:
D:1:      evilmike_arrival_home_sweet_home
D:2:      tso_altar, overflow_temple_1_default, first_bread, uniq_sigmund,
          uniq_terence, uniq_crazy_yiuf_cottage
D:3:      ecumenical_altar_2
D:4:      makhleb_altar_promises_db, uniq_robin

Skill      XL: |  1  2  3  4  5  6  7 |
---------------+----------------------+-----
Stealth        | 6 7 8 10 11 12 13 | 13.1
Fighting       | |  1.5
Short Blades   | |  2.1
Throwing       | |  2.0
Dodging        | |  1.5

Action                   |  1- 3 |  4- 6 |  7- 9 || total
-------------------------+-------+-------+-------++-------
Melee: Dagger            |    85 |   139 |    95 ||   319
 Fire: Blowgun           |     3 |    19 |    17 ||    39
  Use: Potion            |       |     3 |       ||     3
       Scroll            |       |     7 |       ||     7
 Stab: Sleeping          |     8 |    24 |       ||    32
       Distracted        |     1 |     1 |       ||     2
  Eat: Fruit             |       |       |     2 ||     2
Armor: Robe              |     9 |    17 |    24 ||    50
Dodge: Dodged            |    62 |    98 |   126 ||   286
